Map: Dusk Towers

Players

Miszu - Winner!

  • Race: Protoss Protoss
  • League: Master

Mutex

  • Race: Zerg Zerg
  • League: Master

VOD

Have the link to the VOD?

Description

Time

  • Played on: April 3, 2016, 11:31 a.m.
  • Length: 13:15
Show
View Real Time Build Order
Export as new Build Order

Miszu Protoss - Winner!

Build Orders: 1 Gate Expand, Mass Adepts 

Get SALT Encoding   

  12  0:01  Probe (Chrono Boost)  
  13  0:11  Probe (Chrono Boost)  
  14  0:18  Pylon  
  14  0:22  Probe (Chrono Boost)  
  15  0:36  Probe (Chrono Boost)  
  15  0:41  Gateway  
  16  0:46  Probe (Chrono Boost)  
  18  1:07  Nexus  
  18  1:11  Probe (Chrono Boost)  
  18  1:16  Assimilator  
  18  1:22  Probe (Chrono Boost)  
  19  1:31  Cybernetics Core  
  19  1:32  Probe (Chrono Boost)  
  20  1:36  Assimilator  
  20  1:45  Pylon  
  20  1:48  Probe (Chrono Boost)  
  21  1:58  Probe (Chrono Boost)  
  22  2:08  Probe (Chrono Boost)  
  22  2:11  Adept (Chrono Boost), Warp Gate (Chrono Boost)  
  25  2:20  Probe  
  25  2:21  Probe  
  27  2:32  Probe x2  
  27  2:35  Adept (Chrono Boost)  
  31  2:42  Probe  
  31  2:44  Probe  
  33  2:53  Probe  
  33  2:56  Adept (Chrono Boost), Mothership Core  
  38  3:06  Probe  
  39  3:17  Gateway  
  39  3:18  Probe  
  39  3:19  Gateway  
  40  3:22  Probe  
  40  3:24  Adept  
  41  3:30  Probe  
  44  3:45  Probe  
  44  3:46  Probe  
  44  3:47  Pylon  
  46  3:55  Stargate  
  46  3:57  Probe  
  46  3:58  Stargate  
  45  4:08  Probe  
  45  4:09  Probe  
  45  4:11  Assimilator x2  
  45  4:15  Adept x3  
  51  4:20  Probe  
  51  4:21  Probe  
  51  4:24  Pylon  
  53  4:29  Nexus  
  53  4:33  Probe  
  54  4:42  Probe  
  54  4:44  Adept x2  
  54  4:45  Adept  
  61  4:46  Probe  
  62  5:01  Pylon  
  62  5:02  Pylon  
  62  5:07  Pylon  
  62  5:19  Phoenix x2 (Chrono Boost), Probe x2  
  64  5:31  Probe x2  
  64  5:43  Probe x2  
  64  5:46  Phoenix x2 (Chrono Boost), Probe  
  65  5:51  Adept x3  
  65  5:55  Probe x2  
  65  5:56  Probe  
  72  6:07  Probe x3  
  72  6:08  Phoenix x2 (Chrono Boost)  
  79  6:17  Probe  
  79  6:19  Probe x2  
  79  6:20  Robotics Facility  
  79  6:22  Robotics Facility  
  79  6:24  Twilight Council  
  79  6:25  Forge  
  82  6:32  Phoenix x2 (Chrono Boost)  
  86  6:33  Pylon  
  86  6:35  Probe  
  86  6:36  Pylon  
  86  6:37  Probe  
  92  6:54  Phoenix x2 (Chrono Boost)  
  88  7:04  Probe  
  88  7:05  Probe x2  
  88  7:06  Zealot x2  
  88  7:07  Zealot  
  97  7:08  Protoss Ground Weapons Level 1  
  97  7:09  Charge (Chrono Boost)  
  97  7:10  Immortal  
  97  7:11  Observer  
  97  7:15  Assimilator  
  102  7:16  Assimilator  
  102  7:33  Gateway, Pylon, Zealot x3  
  102  7:34  Pylon  
  102  7:35  Gateway  
  108  7:38  Immortal  
  108  7:40  Gateway  
  112  7:51  Immortal  
  112  7:55  Gateway  
  112  7:56  Gateway  
  116  7:59  Gateway  
  116  8:11  Zealot x3  
  120  8:25  Pylon, Probe  
  120  8:26  Immortal  
  125  8:31  Immortal, Pylon  
  125  8:33  Pylon  
  129  8:34  Pylon  
  129  8:35  Pylon  
  129  8:37  Zealot  
  129  8:38  Zealot  
  113  8:49  Zealot x3  
  111  9:02  Templar Archives  
  111  9:03  Zealot x3  
  111  9:05  Immortal  
  111  9:09  Zealot x4  
  127  9:10  Zealot x2  
  125  9:19  Protoss Ground Weapons Level 2  
  125  9:22  Pylon  
  125  9:26  Zealot  
  127  9:34  Pylon  
  127  9:36  Zealot  
  127  9:37  Zealot x2  
  127  9:38  Zealot  
  135  9:43  High Templar x3  
  135  9:44  High Templar  
  143  9:46  High Templar  
  143  9:50  Archon x2  
  143  9:51  Warp Prism  
  143  9:52  Immortal  
  151  10:00  Pylon  
  151  10:06  High Templar x2  
  155  10:07  High Templar  
  155  10:08  Zealot  
  155  10:13  Archon  
  159  10:15  Pylon  
  159  10:16  Zealot x3  
  159  10:17  Zealot  
  159  10:18  Archon, Pylon  
  167  10:21  Pylon, Zealot  
  157  10:46  Zealot  
  157  10:47  Adept x3  
  157  10:48  Adept x5  
  165  10:53  Immortal x2  
  173  11:08  Probe x2  
  173  11:10  Psionic Storm  
  175  11:13  Nexus  
  175  11:14  Pylon  
  175  11:29  Zealot x5  
  183  11:33  High Templar x3  
  183  11:34  High Templar  
  191  11:53  Zealot x2  
  191  11:54  Zealot x2  
  152  12:12  Zealot x2  
  152  12:13  Zealot x3  
  156  12:17  Zealot x4  
  158  12:35  Zealot x5  
  146  12:53  Zealot x2  
  146  12:54  Zealot x2  
Show
View Real Time Build Order
Export as new Build Order

Mutex Zerg 

Build Orders: Hatch First 

Get SALT Encoding   

  12  0:00  Drone  
  13  0:12  Overlord  
  13  0:17  Drone  
  14  0:34  Drone x2  
  16  0:36  Drone  
  17  0:53  Hatchery  
  17  0:56  Drone  
  17  0:59  Drone  
  18  1:12  Spawning Pool  
  18  1:14  Drone  
  18  1:17  Drone  
  19  1:39  Hatchery  
  18  1:40  Drone  
  18  1:43  Drone  
  20  1:50  Drone  
  21  2:01  Drone  
  22  2:04  Queen  
  22  2:08  Queen  
  26  2:10  Drone  
  26  2:12  Drone  
  28  2:16  Extractor  
  28  2:17  Drone  
  28  2:22  Overlord  
  28  2:40  Queen  
  28  2:41  Drone x3  
  28  2:43  Drone  
  34  2:45  Queen  
  34  2:51  Drone x2  
  38  2:56  Queen  
  40  3:01  Overlord  
  41  3:05  Zergling x2  
  41  3:07  Drone  
  42  3:13  Extractor  
  42  3:14  Zergling x2  
  42  3:16  Overlord  
  42  3:26  Metabolic Boost  
  42  3:30  Drone  
  42  3:31  Drone x6  
  48  3:49  Drone x7  
  48  3:55  Zergling x6  
  56  4:05  Overlord  
  56  4:08  Drone x2  
  56  4:09  Overlord x2  
  58  4:16  Overlord  
  58  4:18  Lair  
  58  4:23  Overlord  
  58  4:27  Drone  
  58  4:28  Drone x4, Evolution Chamber  
  58  4:29  Drone  
  58  4:30  Drone  
  64  4:32  Drone  
  64  4:33  Extractor  
  64  4:38  Drone x2  
  66  4:39  Drone x2  
  66  4:40  Drone  
  69  4:51  Drone x8  
  76  4:59  Zergling x4  
  78  5:02  Zergling x2  
  78  5:03  Zerg Melee Weapons Level 1  
  79  5:09  Extractor, Zergling x2  
  79  5:14  Zergling x4  
  79  5:15  Zergling x6  
  79  5:18  Hydralisk Den  
  82  5:28  Zergling x8  
  76  5:45  Drone x6  
  76  5:49  Extractor  
  78  5:55  Muscular Augments  
  78  5:56  Drone x3  
  81  5:58  Hatchery  
  81  5:59  Hatchery  
  81  6:02  Hatchery  
  79  6:05  Drone x2  
  79  6:06  Spore Crawler  
  80  6:11  Overlord, Hydralisk  
  80  6:12  Hydralisk  
  80  6:15  Extractor  
  80  6:16  Hydralisk  
  80  6:18  Extractor  
  84  6:22  Hydralisk  
  84  6:23  Overlord  
  84  6:33  Spore Crawler  
  84  6:35  Hydralisk x3  
  84  6:36  Overlord  
  84  6:37  Drone  
  84  6:39  Drone  
  87  6:49  Drone x7  
  87  6:50  Drone  
  93  7:04  Hydralisk  
  93  7:05  Hydralisk x5  
  93  7:06  Drone  
  102  7:24  Hydralisk  
  102  7:25  Hydralisk x8  
  120  7:30  Drone x3  
  120  7:31  Baneling Nest  
  122  7:39  Spore Crawler  
  122  7:40  Zerg Missile Weapons Level 1  
  121  7:48  Overlord x6  
  121  8:02  Spore Crawler  
  121  8:04  Hydralisk  
  121  8:05  Hydralisk x2, Zergling x2  
  117  8:06  Hydralisk x5, Zergling x6  
  117  8:07  Zergling x10  
  117  8:09  Spore Crawler  
  117  8:12  Drone x3  
  137  8:21  Baneling x10  
  137  8:23  Zergling x14  
  144  8:29  Zergling x2  
  144  8:30  Zergling x12  
  128  8:53  Hydralisk  
  128  8:54  Hydralisk x9  
  134  8:58  Drone x4  
  125  9:19  Hydralisk  
  125  9:20  Hydralisk x7  
  141  9:24  Overlord  
  141  9:37  Drone x3  
  141  9:38  Zergling x22  
  148  9:44  Overseer  
  155  9:47  Zerg Ground Armor Level 1  
  155  9:49  Lurker Den  
  155  9:52  Evolution Chamber  
  154  9:53  Extractor  
  154  9:54  Extractor  
  152  10:06  Hydralisk x4  
  155  10:07  Zergling x10  
  165  10:17  Zerg Missile Weapons Level 2  
  165  10:21  Baneling x11  
  165  10:23  Zergling x8  
  165  10:24  Zergling x4  
  162  10:47  Hydralisk x9  
  173  10:50  Overlord  
  173  11:05  Overlord x4  
  173  11:10  Hatchery  
  172  11:13  Infestation Pit  
  171  11:25  Hydralisk  
  171  11:26  Hydralisk x6  
  185  11:38  Hydralisk x4  
  185  11:39  Hydralisk  
  194  11:50  Hydralisk  
  115  12:14  Hydralisk x11  
  124  12:32  Hydralisk x3  
  108  12:50  Hydralisk x6  
Tags
 
Add a new tag
Caveats
  • Supply blocks, unpowered buildings, or Contaminate may cause inaccurate times.
  • Supply counts are checked every 10 seconds.